 Dungeon Crawl Stone Soup version 0.30-a0-1074-g5db6f66fbb (webtiles) character file.

Game seed: 8303060156993017484

168 freelancePsychic the Sneak (level 5, -10/42 HPs)
             Began as a Minotaur Conjurer on Apr 13, 2023.
             Was a Plaything of Xom.
             Killed by nerve-wracking pain
             ... invoked by an orc priest
              (14 damage)
             ... on level 3 of the Dungeon.
             The game lasted 00:04:22 (2825 turns).

freelancePsychic the Sneak (Minotaur Conjurer)      Turns: 2825, Time: 00:04:22

Health: -10/42     AC:  3    Str: 11    XL:     5   Next: 23%
Magic:  6/6        EV: 11    Int: 15    God:    Xom [..*...]
Gold:   172        SH:  6    Dex: 11    Spells: 5/6 levels left

rFire   . . .      SeeInvis .    a - +0 dagger (speed)
rCold   + . .      Faith    .    p - +2 buckler
rNeg    . . .      Spirit   .    m - +0 leather armour
rPois   .          Reflect  .    (helmet restricted)
rElec   .          Rampage  .    (no cloak)
rCorr   .                        (no gloves)
Will    .....                    (no boots)
Stlth   ++                       (no amulet)
HPRegen 0.27/turn                (no ring)
MPRegen 0.10/turn                (no ring)

@: no status effects
A: horns 2, retaliatory headbutt, cold resistance 1, mutation resistance 1
a: Renounce Religion


You were on level 3 of the Dungeon.
You worshipped Xom.
You were a toy of Xom.
You visited 1 branch of the dungeon, and saw 3 of its levels.

You collected 172 gold pieces.

Inventory:

Hand Weapons
 a - a +0 dagger of speed (weapon)
 b - a +0 sling
 d - a +0 club
 f - a +0 trident
Armour
 e - a +0 robe
 m - a +0 leather armour (worn)
 p - a +2 buckler (worn)
Jewellery
 n - a ring of poison resistance
 q - a +6 ring of dexterity
Scrolls
 g - a scroll of magic mapping
 i - 2 scrolls of poison
 j - a scroll of fog
 o - a scroll of teleportation {@r4}
 r - a scroll of noise
 u - a scroll of enchant armour {unknown}
Potions
 c - a potion of invisibility {unknown}
 h - a potion of might {unknown}
 k - a potion of berserk rage {unknown}
 l - 2 potions of magic
 s - a potion of curing {unknown}
 t - a potion of haste {unknown}
 v - 2 potions of resistance {unknown}


   Skills:
 + Level 2.6 Fighting
 + Level 1.4 Short Blades
 - Level 1.8 Ranged Weapons
 - Level 2.1 Dodging
 - Level 3.2 Stealth
 * Level 2.1 Shields
 - Level 1.3 Spellcasting
 - Level 2.9 Conjurations


You had 5 spell levels left.
You knew the following spells:

 Your Spells              Type           Power      Damage    Failure   Level
a - Magic Dart            Conj           36%        1d4       13%         1

Your spell library contained the following spells:

 Spells                   Type           Power      Damage    Failure   Level
 Searing Ray              Conj           18%        2d5       19%         2
 Beastly Appendage        Tmut           2%         N/A       38%         1
 Ensorcelled Hibernation  Hex/Ice        2%         N/A       54%         2
 Wereblood                Tmut           1%         N/A       54%         2
 Dazzling Flash           Conj/Hex       10%        N/A       56%         3
 Spider Form              Tmut/Pois      1%         N/A       77%         3
 Fulminant Prism          Conj/Hex       2%         3d5       92%         4
 Iskenderun's Mystic Bla  Conj/Tloc      5%         2d3       92%         4
 Anguish                  Hex/Necr       0%         N/A       99%         4


Dungeon Overview and Level Annotations

Branches:
Dungeon (3/15)

Altars:
Qazlal
Xom


Innate Abilities, Weirdness & Mutations

You have a pair of horns on your head.
You reflexively headbutt those who attack you in melee.
Your flesh is cold resistant. (rC+)
You are somewhat resistant to further mutation.


Message History

The orc priest barely misses you. You block the orc priest's attack.
The orc shouts!
You hit the orc priest but do no damage.
The orc priest hits you with a +0 trident.
You hit the orc priest.
The orc priest is lightly wounded.
The orc priest hits you with a +0 hand axe of freezing.
* * * LOW HITPOINT WARNING * * *
The orc priest freezes you.
* * * LOW HITPOINT WARNING * * *
You hit the orc priest but do no damage.
The orc priest is lightly wounded.
The orc priest miscasts a cantrip.
You block the orc priest's attack.
You hit the orc priest.
The orc priest is moderately wounded.
You block the orc priest's attack.
You hit the orc priest but do no damage.
You headbutt the orc priest.
The orc priest is severely wounded.
The orc priest misses you.
The orc priest hits you with a +0 trident.
* * * LOW HITPOINT WARNING * * *
You hit the orc priest.
The orc priest is almost dead.
The orc priest hits you with a +0 hand axe of freezing.
* * * LOW HITPOINT WARNING * * *
You closely miss the orc priest.
The orc priest is almost dead.
The orc priest calls upon Beogh to heal the orc priest.
The orc priest's wounds heal themselves!
You hit the orc priest.
You kill the orc priest!
The orc priest hits you but does no damage.
Your Shields skill increases to level 2!
You barely miss the orc priest. You block the orc's attack.
The orc priest invokes the aid of Beogh against you.
Pain shoots through your body!
You die...
Xom titters!

.# #..#.##.##.#...# #.# ##
#..#.##....#...# #.#
#..#.........#.# #.#
##########._#########.#.# #.#
........._.....÷).......# #.#
##############.######.#######.#
..... ....)..................#
.#.#################..........###
.♣...(..........@o...............
P...♣~....♣######o............###
..~~♣~♣.....))# #.##..........#
♣~♣~~~~.).....###.##..........#
~.~~~~~.÷♣.(.o#...##..........#
~~~♣~♣.P♣...§.#.####..........#
P.♣~~..♣.....oo.# #..........#
......P.......o.# #..........#
#.#########.....# ############


You could see an orc priest and an orc.

Vanquished Creatures
  An orc priest (D:3)
  An orc wizard (D:2)
  4 adders
  2 worms (D:2)
  2 dart slugs
  3 orcs
  8 ball pythons
  4 endoplasms
  7 goblins
  7 hobgoblins
  2 jackals (D:1)
  A quokka (D:2)
  9 bats
  6 frilled lizards
  8 kobolds
  5 rats
70 creatures vanquished.

Vanquished Creatures (others)
  5 plants (D:3)
5 creatures vanquished.

Grand Total: 75 creatures vanquished

Notes
Turn   | Place    | Note
-------+----------+-------------------------------------------
     0 | D:1      | freelancePsychic the Minotaur Conjurer began the quest for
                  | the Orb.
     0 | D:1      | Reached XP level 1. HP: 14/14 MP: 1/1
   267 | D:1      | Reached skill level 2 in Stealth
   271 | D:1      | Reached skill level 1 in Fighting
   271 | D:1      | Reached XP level 2. HP: 21/23 MP: 3/3
   643 | D:1      | Found a faded altar of an unknown god.
   655 | D:1      | Prayed at the altar of an unknown god.
   655 | D:1      | Became a worshipper of Xom of Chaos
   754 | D:1      | XOM: silly message
   887 | D:2      | Reached XP level 3. HP: 13/28 MP: 4/4
  1013 | D:2      | XOM: divination: detect creatures
  1098 | D:2      | Reached skill level 1 in Ranged Weapons
  1250 | D:2      | Reached XP level 4. HP: 17/36 MP: 5/5
  1459 | D:2      | XOM: give mutations
  1459 | D:2      | Gained mutation: You are somewhat resistant to further
                  | mutation. [Xom's grace]
  1459 | D:2      | Gained mutation: Your flesh is cold resistant. (rC+) [Xom's
                  | grace]
  1475 | D:2      | Reached skill level 3 in Stealth
  1668 | D:2      | Found a stormy altar of Qazlal.
  1717 | D:2      | XOM: scenery: summon butterflies
  2246 | D:2      | Reached skill level 1 in Short Blades
  2246 | D:2      | Reached skill level 1 in Shields
  2392 | D:3      | XOM: scenery: create altars
  2737 | D:3      | Reached XP level 5. HP: 38/42 MP: 6/6
  2785 | D:3      | XOM: 6-stop teleportation journey
  2802 | D:3      | XOM: blink monster(s)
  2825 | D:3      | Killed from afar by an orc priest

Illustrated notes

Levels and vault maps discovered:
D:1:      giann_wishing_wells, layout_rooms,
          shapermc_ecumenical_altar_notcrosses, chequers_mini_garden
D:2:      minmay_thinvault, layout_loops_cross, basic_altar,
          nrook_mini_backslash
D:3:      layout_basic, nemelex_spade_bored_becter, serial_bayou_pond_a

Skill      XL: |  1  2  3  4  5 |
---------------+----------------+-----
Stealth        | 2 3 |  3.2
Fighting       | 1 2 |  2.6
Ranged Weapons | 1 |  1.8
Short Blades   | 1 |  1.4
Shields        | 1 2 |  2.1
Dodging        | |  2.1
Spellcasting   | |  1.3
Conjurations   | |  2.9

Action                     |  1- 3 |  4- 6 || total
---------------------------+-------+-------++-------
  Melee: Club              |    14 |       ||    14
         Headbutt          |    16 |    23 ||    39
         Unarmed           |     2 |       ||     2
         Dagger            |    89 |   109 ||   198
         Punch             |     2 |       ||     2
   Fire: Sling             |    17 |     9 ||    26
   Cast: Magic Dart        |    10 |       ||    10
    Use: Scroll            |       |     5 ||     5
   Stab: Sleeping          |     2 |     1 ||     3
 Armour: Robe              |    16 |       ||    16
         Leather armour    |    11 |     7 ||    18
  Dodge: Dodged            |    49 |    35 ||    84
  Block: Buckler           |       |     8 ||     8

Table legend: (Time is in decaauts)
 A = Elapsed time spent in this place.
 B = Non-inter-level travel time spent in this place.
 C = Inter-level travel time spent in this place.
 D = Time resting spent in this place.
 E = Time spent auto-exploring this place.
 F = Levels seen in this place.
 G = Mean time per level.
                   A        B        C        D        E       F      G
               +--------+--------+--------+--------+--------+-----+--------+
         Total |   2766 |   2689 |     77 |     90 |   2028 |   3 |  922.0 |
       Dungeon |   2766 |   2689 |     77 |     90 |   2028 |   3 |  922.0 |
               +--------+--------+--------+--------+--------+-----+--------+

Top non-repeatable levels by time:
     D:2: 1455 daAuts
     D:1: 847 daAuts
     D:3: 462 daAuts
